General information
- name: BNet
- type: Ladder 1vs1/FFA
- host: Battle.net
- saver: timg4strok
map: TurtleRock
- players: 2
- length: 26:15
- speed: Fast
- version: 1.21 W3XP
- replay type:

» download(96 KB)
Players
team 1 (loser)
Legion3kGT (
pink | 72 APM | 1888 actions | 26:13)
8 Crypt Lord
3 Carrion Beetles
3 Impale
1 Spiked Carapace
1 Locust Swarm
2 Death Knight
1 Death Coil
1 Unholy Aura
» actions
| Assign group hotkey | 54 | |
| Basic commands | 108 | |
| Build / train | 82 | |
| ESC pressed | 2 | |
| Enter build submenu | 24 | |
| Enter hero's abilities submenu | 9 | |
| Give item / drop item | 2 | |
| Right click | 518 | |
| Select / deselect | 476 | |
| Select group hotkey | 517 | |
| Use ability | 96 | |
1888 total
» units
| Acolyte | 17 | |
| Ghoul | 7 | |
| Crypt Fiend | 18 | |
| Obsidian Statue | 8 | |
50 total
» upgrades
» buildings
| Graveyard | 1 | |
| Crypt | 2 | |
| Ziggurat | 12 | |
| Altar of Darkness | 1 | |
| Tomb of Relics | 1 | |
| Spirit Tower | 5 | |
| Halls of the Dead | 1 | |
| Nerubian Tower | 1 | |
| Slaughterhouse | 2 | |
| Black Citadel | 1 | |
27 total
» build order
00:12 Graveyard
00:14 Crypt
00:20 Crypt
00:42 Ziggurat
01:01 Altar of Darkness
01:50 Ziggurat
02:27 Tomb of Relics
04:19 Ziggurat
05:45 Spirit Tower
05:47 Ziggurat
06:54 Ziggurat
07:50 Spirit Tower
08:01 Ziggurat
08:05 Ziggurat
08:18 Halls of the Dead
08:43 Ziggurat
09:08 Nerubian Tower
10:27 Ziggurat
10:30 Ziggurat
10:45 Slaughterhouse
11:21 Spirit Tower
12:33 Ziggurat
12:49 Ziggurat
13:34 Spirit Tower
13:55 Spirit Tower
16:20 Black Citadel
19:01 Slaughterhouse
» items
| Rod of Necromancy | 1 | |
| Sacrificial Skull | 1 | |
| Tome of Retraining | 1 | |
| Scroll of Healing | 1 | |
| Scroll of Town Portal | 2 | |
| Potion of Mana | 1 | |
7 total
team 2 (winner)

»
timg4strok (
yellow | 143 APM | 3755 actions | 26:15)
7 Tauren Chieftain
3 Shockwave
3 Endurance Aura
1 Reincarnation
4 Far Seer
2 Chain Lighting
2 Feral Spirit
» actions
| Assign group hotkey | 42 | |
| Basic commands | 137 | |
| Build / train | 92 | |
| ESC pressed | 2 | |
| Enter build submenu | 17 | |
| Enter hero's abilities submenu | 11 | |
| Give item / drop item | 4 | |
| Right click | 1529 | |
| Select / deselect | 332 | |
| Select group hotkey | 1452 | |
| Use ability | 137 | |
3755 total
» units
| Peon | 12 | |
| Grunt | 7 | |
| Raider | 8 | |
| Spirit Walker | 3 | |
| Demolisher | 7 | |
| Tauren | 4 | |
| Troll Batrider | 5 | |
46 total
» upgrades
| Berserker Strength | 1 | |
| Ensnare | 1 | |
| Pillage | 1 | |
| Spirit Walker Training | 2 | |
| Melee Weapons | 1 | |
| Burning Oil | 1 | |
| Armor | 1 | |
| Pulverize | 1 | |
9 total
» buildings
| Altar of Storms | 1 | |
| Orc Burrow | 5 | |
| Barracks | 1 | |
| Voodoo Lounge | 1 | |
| Stronghold | 1 | |
| Beastiary | 1 | |
| Spirit Lodge | 1 | |
| War Mill | 1 | |
| Fortress | 1 | |
| Tauren Totem | 1 | |
| Great Hall | 2 | |
| Watch Tower | 1 | |
17 total
» build order
00:04 Altar of Storms
00:12 Orc Burrow
00:38 Barracks
01:21 Orc Burrow
02:03 Voodoo Lounge
03:03 Stronghold
03:52 Orc Burrow
05:25 Beastiary
05:31 Spirit Lodge
05:35 Orc Burrow
08:06 War Mill
10:44 Orc Burrow
11:00 Fortress
14:43 Tauren Totem
15:51 Great Hall
17:28 Great Hall
25:15 Watch Tower
» items
| Healing Salve | 8 | |
| Lesser Clarity Potion | 9 | |
| Scroll of Speed | 1 | |
| Potion of Healing | 1 | |
| Scroll of Town Portal | 2 | |
| Orb of Lightning | 1 | |
22 total
Chat log
(24:33 / All) Legion3kGT: damn luck
(26:09 / All) timg4strok: gg